 Dungeon Crawl Stone Soup version 0.29-a0-284-gf9362112df (webtiles) character file.

Game seed: 4759619761656468046

77 gzilladon the Shield-Bearer (level 4, -1/40 HPs)
             Began as a Minotaur Fighter on Mar 22, 2022.
             Was a Believer of Nemelex Xobeh.
             Splashed by a jelly's acid (8 damage)
             ... on level 4 of the Dungeon.
             The game lasted 00:12:05 (1346 turns).

gzilladon the Shield-Bearer (Minotaur Fighter)      Turns: 1346, Time: 00:12:05

Health: -1/40      AC:  3    Str: 23    XL:     4   Next: 13%
Magic:  3/3        EV:  9    Int:  5    God:    Nemelex Xobeh [**....]
Gold:   211        SH:  5    Dex: 15    Spells: 3/3 levels left

rFire   . . .      SeeInvis .   j - +2 short sword (protect)
rCold   . . .      Faith    .   c - +0 buckler
rNeg    . . .      Spirit   .   b - +0 scale mail
rPois   .          Reflect  .   (helmet restricted)
rElec   .          Harm     .   (no cloak)
rCorr   .          Rampage  .   (no gloves)
Will    .....                   n - +0 pair of boots
Stlth   ..........              (no amulet)
HPRegen 0.13/turn               k - +6 ring of dexterity
MPRegen 0.08/turn               (no ring)

@: mighty, corroded, under a protective aura
A: horns 2, retaliatory headbutt
a: Renounce Religion, Draw Escape, Draw Destruction, Draw Summoning


You were on level 4 of the Dungeon.
You worshipped Nemelex Xobeh.
Nemelex Xobeh was pleased with you.
You visited 1 branch of the dungeon, and saw 4 of its levels.

You collected 211 gold pieces.

Inventory:

Hand Weapons
 a - a +0 war axe
 j - a +2 short sword of protection (weapon)
 o - a +0 hunting sling
Missiles
 i - 47 stones (quivered)
Armour
 b - a +0 scale mail (worn)
 c - a +0 buckler (worn)
 n - a +0 pair of boots (worn)
 p - a +0 animal skin
 q - a +0 buckler
Jewellery
 k - a +6 ring of dexterity (left hand)
Scrolls
 f - 4 scrolls of identify {unknown}
 g - 2 scrolls of teleportation {unknown}
 m - a scroll of noise {unknown}
Potions
 e - a potion of cancellation {unknown}
 h - a potion of haste {unknown}
 l - a potion of magic {unknown}


   Skills:
 + Level 4.0 Fighting
 + Level 1.2 Short Blades
 + Level 3.1 Axes
 + Level 4.2 Armour
 + Level 0.9 Dodging
 + Level 4.4 Shields


You had 3 spell levels left.
You didn't know any spells.
Your spell library contained the following spells:

 Spells                   Type           Power      Damage    Failure   Level
 Beastly Appendage        Tmut           0%         N/A       86%         1
 Blink                    Tloc           0%         N/A       95%         2
 Wereblood                Tmut           0%         N/A       95%         2
 Lesser Beckoning         Tloc           0%         N/A       99%         3
 Spider Form              Tmut/Pois      0%         N/A       99%         3
 Manifold Assault         Tloc           0%         N/A       100%        5


Dungeon Overview and Level Annotations

Branches:
Dungeon (4/15)
 Temple: D:4-7

Altars:
Nemelex Xobeh
Yredelemnul


Innate Abilities, Weirdness & Mutations

You have a pair of horns on your head.
You reflexively headbutt those who attack you in melee.


Message History

There is an open door here.
A jelly comes into view.
The jelly quivers.
You barely miss the jelly. You block the jelly's attack.
You hit the jelly.
Your weapon exudes an aura of protection.
The acid corrodes you!
Your hands burn!
The jelly is moderately wounded.
The jelly barely misses you.
You hit the jelly but do no damage. The acid corrodes you!
Your hands burn!
You headbutt the jelly, but do no damage.
The jelly is moderately wounded.
The jelly hits you but does no damage.
You hit the jelly. The acid corrodes you!
Your hands burn!
The jelly is heavily wounded.
You block the jelly's attack.
You hit the jelly but do no damage.
Your hands burn!
The jelly is heavily wounded.
The jelly barely misses you.
You hit the jelly but do no damage.
Your hands burn!
The jelly is heavily wounded.
The jelly hits you but does no damage.
You hit the jelly but do no damage.
Your hands burn!
The jelly is heavily wounded.
You block the jelly's attack.
You hit the jelly.
Your hands burn!
The jelly is heavily wounded.
The jelly completely misses you. You furiously retaliate!
You headbutt the jelly, but do no damage.
You hit the jelly but do no damage.
Your hands burn!
You headbutt the jelly, but do no damage.
The jelly is heavily wounded.
The jelly hits you.
You are splashed with acid!
* * * LOW HITPOINT WARNING * * *
You feel very mighty all of a sudden. The jelly hits you.
* * * LOW HITPOINT WARNING * * *
You are splashed with acid!
You die...
Your body disappears without a glow.

###+###########
+.....#.......#
#.....#.......#
#.....'.......#
##..@##.....###
#..J###+####
.......
..........
...........
#####.####.# #+
.# .


You could see a jelly.

Vanquished Creatures
  Robin (D:3)
  A dart slug (D:3)
  6 ball pythons
  A bat (D:1)
  An endoplasm (D:2)
  4 giant cockroaches
  9 goblins
  12 hobgoblins
  4 jackals (D:2)
  4 quokkas
  4 frilled lizards
  5 kobolds
  2 rats
54 creatures vanquished.

Vanquished Creatures (others)
  3 fungi (D:3)
  2 plants (D:1)
  5 toadstools (D:3)
10 creatures vanquished.

Grand Total: 64 creatures vanquished

Notes
Turn   | Place    | Note
-------+----------+-------------------------------------------
     0 | D:1      | gzilladon the Minotaur Fighter began the quest for the Orb.
     0 | D:1      | Reached XP level 1. HP: 19/19 MP: 0/0
    63 | D:1      | Reached XP level 2. HP: 23/27 MP: 1/1
   251 | D:1      | Found a faded altar of an unknown god.
   270 | D:1      | Prayed at the altar of an unknown god.
   270 | D:1      | Became a worshipper of Nemelex Xobeh the Trickster
   270 | D:1      | Reached * piety under Nemelex Xobeh
   270 | D:1      | Received a gift from Nemelex Xobeh
   551 | D:2      | Reached XP level 3. HP: 33/33 MP: 2/2
   769 | D:2      | Reached ** piety under Nemelex Xobeh
   839 | D:2      | Received a gift from Nemelex Xobeh
   935 | D:3      | Found a basalt altar of Yredelemnul.
  1206 | D:3      | Reached skill level 1 in Short Blades
  1215 | D:3      | Noticed Robin
  1242 | D:3      | Killed Robin
  1243 | D:3      | Reached XP level 4. HP: 25/40 MP: 3/3
  1346 | D:4      | Splashed by a jelly's acid

Illustrated notes

Levels and vault maps discovered:
D:1:      psy_arrival_wood_between_worlds, layout_loops_ring,
          ebering_ecumenical_altar_box
D:2:      minmay_razor_zed, layout_loops_ring, kennysheep_generic_room_16
D:3:      layout_basic, mainiacjoe_overflow_tiny_flanked,
          mainiacjoe_overflow_big_doors, minmay_gold_behind_fungi, uniq_robin,
          uniq_crazy_yiuf_cottage
D:4:      layout_gridville, nicolae_ossuary_entry_ruins, grunt_ministairs_13

Skill      XL: |  1  2  3 |
---------------+----------+-----
Armour         | 4 |  4.2
Axes           | 3 |  3.1
Shields        | 4 |  4.4
Fighting       | 4 |  4.0
Short Blades   | 1 |  1.2
Dodging        | |  0.9

Action                   |  1- 3 |  4- 6 || total
-------------------------+-------+-------++-------
Melee: War axe           |    42 |       ||    42
       Headbutt          |    19 |     2 ||    21
       Short sword       |    80 |    11 ||    91
Throw: Stone             |     3 |       ||     3
  Use: Potion            |       |     1 ||     1
Armor: Scale mail        |    68 |     2 ||    70
Dodge: Dodged            |    45 |     5 ||    50
Block: Buckler           |    31 |     3 ||    34

Table legend: (Time is in decaauts)
 A = Elapsed time spent in this place.
 B = Non-inter-level travel time spent in this place.
 C = Inter-level travel time spent in this place.
 D = Time resting spent in this place.
 E = Time spent auto-exploring this place.
 F = Levels seen in this place.
 G = Mean time per level.
                   A        B        C        D        E       F      G
               +--------+--------+--------+--------+--------+-----+--------+
         Total |   1372 |    566 |    806 |    139 |      0 |   4 |  343.0 |
       Dungeon |   1372 |    566 |    806 |    139 |      0 |   4 |  343.0 |
               +--------+--------+--------+--------+--------+-----+--------+

Top non-repeatable levels by time:
     D:2: 459 daAuts
     D:3: 454 daAuts
     D:1: 441 daAuts
     D:4: 17 daAuts
